 Dungeon Crawl Stone Soup version 0.31-a0-803-g95b03c3367 (webtiles) character file.

Game seed: 4873304068468248747

70 Maratek the Poker (level 4, -4/29 HPs)
             Began as an Octopode Gladiator on Sept 20, 2023.
             Slain by a gnoll
             ... wielding a +0 halberd
              (16 damage)
             ... on level 2 of the Dungeon.
             The game lasted 00:01:29 (924 turns).

Maratek the Poker (Octopode Gladiator)               Turns: 924, Time: 00:01:30

Health: -4/29      AC:  1    Str: 15    XL:     4   Next: 21%
Magic:  4/4        EV: 14    Int: 10    God:
Gold:   56         SH:  0    Dex: 13    Spells: 3/3 levels left

rFire   . . .        a - +0 trident
rCold   . . .        (no shield)
rNeg    . . .        b - +0 hat
rPois   .            (no amulet)
rElec   .            (no ring)
rCorr   .            (no ring)
SInv    .            (no ring)
Will    .....        (no ring)
Stlth   +++          (no ring)
HPRegen 0.24/turn    (no ring)
MPRegen 0.09/turn    (no ring)
                     (no ring)

%: no passive effects
@: no status effects
A: almost no armour, amphibious, 8 rings, camouflage 1, gelatinous body 1,
(nimble swimmer 1), tentacles
a: no special abilities


You were on level 2 of the Dungeon.
You visited 1 branch of the dungeon, and saw 2 of its levels.

You collected 56 gold pieces.

Inventory:

Hand Weapons
 a - a +0 trident (weapon)
Missiles
 c - 3 throwing nets (quivered)
 d - a javelin
Armour
 b - a +0 hat (worn)
Scrolls
 e - a scroll of vulnerability {unknown}
 f - 2 scrolls of identify {unknown}


   Skills:
 + Level 2.1 Fighting
 + Level 3.9 Polearms
 + Level 2.0 Throwing
 + Level 3.7 Dodging
 + Level 2.0 Stealth


You had 3 spell levels left.
You didn't know any spells.
Your spell library contained the following spells:

 Spells                   Type           Power      Damage    Failure   Level
 Tukima's Dance           Hex            0%         N/A       75%         3
 Dimensional Bullseye     Hex/Tloc       0%         N/A       98%         4
 Iskenderun's Mystic Bla  Conj/Tloc      0%         2d3       98%         4


Dungeon Overview and Level Annotations

Branches:
Dungeon (2/15)

Altars:

Shops:
D:1 *


Innate Abilities, Weirdness & Mutations

You cannot wear most types of armour.
You are amphibious.
You can wear up to eight rings at the same time.
Your skin changes colour to match your surroundings (Stealth+).
Your rubbery body absorbs attacks. (AC +1, EV +1)
((You are camouflaged when in or above water. (Stealth+)))
You have tentacles for arms and can constrict up to eight enemies at once.


Message History

You are too injured to fight recklessly!
You are too injured to fight recklessly!
The bat hits you but does no damage. The bat hits you but does no damage.
The bat misses you. The bat hits you. The bat barely misses you.
The bat closely misses you. The bat hits you but does no damage.
The bat attacks as it pursues you! The bat closely misses you.
The bat hits you but does no damage. The bat closely misses you.
The bat barely misses you. The bat closely misses you. The bat hits you.
You closely miss the bat. Your grab misses the bat. You tentacle-slap the bat.
You kill the bat!
The gnoll hits you with a +0 spear.
You hit the gnoll. You grab the gnoll. You squeeze the gnoll!
You kill the gnoll!
You have reached level 4!
You hit the gnoll. Your grab misses the gnoll.
The gnoll is lightly wounded.
The gnoll hits you with a +0 club.
You hit the gnoll but do no damage. You grab the gnoll. You squeeze the gnoll!
The gnoll is severely wounded.
You constrict the gnoll. The gnoll misses you.
You hit the gnoll.
You kill the gnoll!
Your Stealth skill increases to level 2!
Things that are here:
a +0 club; a +0 spear; a gnoll corpse The gnoll misses you.
The gnoll barely misses you.
You hit the gnoll but do no damage. Your grab misses the gnoll.
The gnoll misses you.
You hit the gnoll. Your grab misses the gnoll.
The gnoll is moderately wounded.
The gnoll closely misses you. The gnoll hits you with a +0 halberd!
Ouch! That really hurt!
You die...

.#!# #### ...## ..# .#..# ###.#
....# ###### #...# .#..#####..g.#
#.. .......g...#.# #<.
(#...#.#g#.#.########### #.#
.....g.....#...g@......# #..
.....#.#.#.#.#########.# .....
..........†#.#########.######.##^
.....#.#.#...............>.......
...#.........#########.##.####.#.
...#####........)..###.##........
...# ###########...............
...# #....%......######. ...#
#..................


You could see a gnoll.

Vanquished Creatures
  2 gnolls (D:2)
  A worm (D:1)
  2 dart slugs (D:1)
  6 bats
  6 endoplasms (D:1)
  4 giant cockroaches
  3 goblins (D:1)
  2 hobgoblins
  5 kobolds
  2 quokkas (D:1)
  3 ball pythons (D:1)
  A frilled lizard (D:1)
  3 rats
40 creatures vanquished.

Notes
Turn   | Place    | Note
-------+----------+-------------------------------------------
     0 | D:1      | Maratek the Octopode Gladiator began the quest for the Orb.
     0 | D:1      | Reached XP level 1. HP: 14/14 MP: 1/1
    75 | D:1      | Reached XP level 2. HP: 19/19 MP: 2/2
   137 | D:1      | Reached skill level 1 in Stealth
   302 | D:1      | Found Vipoid's General Store.
   331 | D:1      | Reached XP level 3. HP: 17/24 MP: 3/3
   914 | D:2      | Reached XP level 4. HP: 13/29 MP: 4/4
   924 | D:2      | Slain by a gnoll

Illustrated notes

Levels and vault maps discovered:
D:1:      psy_arrival_radial02, layout_basic, serial_shops, shop,
          nicolae_wormholes
D:2:      layout_basic, serial_glass, glass_columns_b, glass_columns_b,
          glass_columns_b, glass_columns_a, glass_columns_a, glass_columns_c,
          uniq_crazy_yiuf_cottage

Skill      XL: |  1  2  3  4 |
---------------+-------------+-----
Stealth        | 1 2 |  2.0
Fighting       | |  2.1
Polearms       | |  3.9
Throwing       | |  2.0
Dodging        | |  3.7

Action                     |  1- 3 |  4- 6 || total
---------------------------+-------+-------++-------
  Melee: Trident           |    71 |     5 ||    76
         Constrict         |    14 |     1 ||    15
         Tentacles         |    13 |     1 ||    14
         Punch             |     2 |       ||     2
   Stab: Sleeping          |     8 |       ||     8
 Armour: Skin              |    30 |     2 ||    32
  Dodge: Dodged            |    49 |     5 ||    54

Table legend: (Time is in decaauts)
 A = Elapsed time spent in this place.
 B = Non-inter-level travel time spent in this place.
 C = Inter-level travel time spent in this place.
 D = Time resting spent in this place.
 E = Time spent auto-exploring this place.
 F = Levels seen in this place.
 G = Mean time per level.
                   A        B        C        D        E       F      G
               +--------+--------+--------+--------+--------+-----+--------+
         Total |    934 |    934 |      0 |      0 |    709 |   2 |  467.0 |
       Dungeon |    934 |    934 |      0 |      0 |    709 |   2 |  467.0 |
               +--------+--------+--------+--------+--------+-----+--------+

Top non-repeatable levels by time:
     D:1: 796 daAuts
     D:2: 137 daAuts
